 Dungeon Crawl Stone Soup version 0.21.0 (webtiles) character file.

70 Glaeka the Magician (level 4, -2/33 HPs)
             Began as a Draconian Wizard on Jan 7, 2018.
             Killed by divine providence
             ... invoked by an orc priest
              (14 damage)
             ... on level 3 of the Dungeon.
             The game lasted 00:09:07 (1373 turns).

Glaeka the Magician (Draconian Wizard)              Turns: 1373, Time: 00:09:08

Health: -2/33      AC:  5    Str:  9    XL:     4   Next: 3%
Magic:  0/9        EV: 12    Int: 19    God:
Gold:   116        SH:  0    Dex: 10    Spells: 2/10 levels left

rFire    . . .     SeeInvis .   a - +0 spear
rCold    . . .     Gourm    .   (no shield)
rNeg     . . .     Faith    .   (armour unavailable)
rPois    .         Spirit   .   e - +0 hat
rElec    .         Reflect  .   (no cloak)
rCorr    .         Harm     .   (no gloves)
MR       .....                  (no boots)
Stlth    ++........             (no amulet)
HPRegen  0.11/turn              k - ring of wizardry
MPRegen  0.11/turn              (no ring)

@: no status effects
A: unfitting armour, cold-blooded, AC +5
a: no special abilities


You were on level 3 of the Dungeon.
You were not hungry.

You visited 1 branch of the dungeon, and saw 3 of its levels.

You collected 116 gold pieces.

Inventory:

Hand Weapons
 a - a +0 spear (weapon)
Armour
 e - a +0 hat (worn)
 q - a +1 hat
Jewellery
 g - an uncursed ring of ice
 k - a ring of wizardry (left hand)
Scrolls
 f - 5 scrolls of identify
 j - 2 scrolls of remove curse {unknown}
 m - a scroll of random uselessness {unknown}
 n - a scroll of immolation {unknown}
 p - a scroll of magic mapping {unknown}
Potions
 d - 2 potions of curing {unknown}
 h - a potion of heal wounds
 i - 2 potions of lignification
 l - a potion of mutation {unknown}
 o - a potion of agility {unknown}
 r - a potion of magic {unknown}
Books
 b - a book of Minor Magic

   Spells                             Type                      Level
   a - Magic Dart                     Conjuration                  1
   b - Blink                          Translocation                2
   c - Call Imp                       Summoning                    2
   d - Slow                           Hexes                        2
   e - Conjure Flame                  Conjuration/Fire             3
   f - Mephitic Cloud                 Conjuration/Poison/Air       3
Comestibles
 c - 4 rations


   Skills:
 + Level 0.1 Fighting
 + Level 2.1 Dodging
 + Level 2.1 Stealth
 + Level 3.9 Spellcasting
 * Level 1.9 Conjurations
 + Level 1.1 Summonings
 + Level 1.0 Translocations


You had 2 spell levels left.
You knew the following spells:

 Your Spells              Type           Power        Failure   Level  Hunger
a - Magic Dart            Conj           ##..         2%          1    None
b - Call Imp              Summ           #.......     5%          2    ##.....
c - Blink                 Tloc           N/A          6%          2    ##.....
d - Mephitic Cloud        Conj/Pois/Air  #.......     13%         3    ###....


Dungeon Overview and Level Annotations

Branches:
Dungeon (3/15)

Altars:

Annotations:
D:2 1 runed door


Innate Abilities, Weirdness & Mutations

Your plain brown scales are hard. (AC +5)
You cannot fit into any form of body armour.
You are cold-blooded and may be slowed by cold attacks.


Message History

The orc priest barely misses you.
You barely miss the orc priest.
The orc priest is heavily wounded.
The orc priest completely misses you.
You hit the orc priest.
The orc priest is severely wounded.
The orc priest barely misses you.
You hit the orc priest.
The orc priest is severely wounded.
The orc priest mumbles some strange prayers to Beogh against you.
Beogh smites you! The orc priest closely misses you.
Casting: Magic Dart
Confirm with . or Enter, or press ? or * to list all spells.
A beastly little devil appears in a puff of flame.
The orc priest hits you.
You hit the orc priest but do no damage.
The orc priest is severely wounded.
The orc priest mumbles some strange prayers to Beogh against you.
Beogh smites you!
You die...

..# #S# ... #.# #.#
######## #.# .......#
#.#
...###.##########o###.#
.....#..........@[....#
..............5...#####
........###########
........# .......##
.......# ########


You could see an orc priest, an adder (confused) and a friendly crimson imp.

Vanquished Creatures
  An adder (D:2)
  2 dart slugs (D:1)
  A leopard gecko (D:3)
  4 bats
  3 giant cockroaches
  5 goblins
  3 hobgoblins
  A quokka (D:2)
  A frilled lizard (D:3)
  7 kobolds
  2 rats
30 creatures vanquished.

Vanquished Creatures (collateral kills)
  A howler monkey (D:2)
  2 hobgoblins
3 creatures vanquished.

Grand Total: 33 creatures vanquished

Notes
Turn   | Place    | Note
-------+----------+-------------------------------------------
     0 | D:1      | Glaeka the Draconian Wizard began the quest for the Orb.
     0 | D:1      | Reached XP level 1. HP: 14/14 MP: 4/4
   294 | D:1      | Reached XP level 2. HP: 13/20 MP: 0/6
   299 | D:1      | Learned a level 2 spell: Call Imp
   302 | D:1      | Learned a level 2 spell: Blink
   896 | D:2      | Reached XP level 3. HP: 7/26 MP: 0/8
  1172 | D:2      | Found a runed door.
  1240 | D:3      | Learned a level 3 spell: Mephitic Cloud
  1294 | D:3      | Reached XP level 4. HP: 30/33 MP: 0/9
  1373 | D:3      | Killed from afar by an orc priest

Skill      XL: |  1  2  3 |
---------------+----------+-----
Dodging        | 2 |  2.1
Stealth        | 2 |  2.1
Fighting       | |  0.1
Spellcasting   | |  3.9
Conjurations   | |  1.9
Summonings     | |  1.1
Translocations | |  1.0

Action                   |  1- 3 |  4- 6 || total
-------------------------+-------+-------++-------
Melee: Dagger            |    45 |       ||    45
       Unarmed           |     3 |       ||     3
       Tailslap          |     3 |     1 ||     4
       Spear             |    12 |    12 ||    24
 Cast: Magic Dart        |    51 |     4 ||    55
       Call Imp          |     7 |     1 ||     8
       Mephitic Cloud    |     1 |     1 ||     2
  Use: Scroll            |     3 |       ||     3
       Potion            |     1 |       ||     1
 Stab: Sleeping          |     2 |       ||     2
       Confused          |     1 |       ||     1
  Eat: Ration            |     1 |       ||     1
Armor: Skin              |    30 |     2 ||    32
Dodge: Dodged            |    47 |     6 ||    53
